Amy, chaotic female human Rogue -------------- |........<...| |............. |............| |............. ----.-------.- # ### # ### # ### ----|----- |...@....| |??????f?| |???.@m++| |??.?+???| ---------- Amy the Cutpurse Experience level: 3 Strength: 14 Dexterity: 18 Constitution: 18 Intelligence: 10 Wisdom: 10 Charisma: 6 Health: 0(33) Energy: 11(11) Def: 3 Gold: 400 Moves: 1321 Dungeon seed: Tx45HwsZMKWRBlOU Game ID: Amy_1584749904 Your Inventory: Coins $ - 400 gold pieces Weapons a - a +0 short sword (weapon in hand) b - 13 +0 daggers (in quiver) g - a +0 long sword l - 10 +1 arrows o - 9 +0 darts s - 6 cursed -1 arrows t - a cursed +0 arrow Armor e - an uncursed +1 leather armor (being worn) q - an uncursed +0 orcish helm z - an uncursed +0 elven leather helm Comestibles p - an uncursed food ration Scrolls h - a blessed scroll of identify Spellbooks j - an uncursed spellbook of create monster Potions c - an uncursed potion of sickness m - a cursed potion of healing Tools d - an uncursed lock pick f - an uncursed sack Gems n - an uncursed amethyst stone r - an uncursed worthless piece of yellowish brown glass Spells and supernatural/magical abilities: Name Level Category Fail Memory W - pray for help -- divine ? -- Your skills at the end: Fighting Skills Weapon Skills dagger [Basic] short sword [Basic] Spellcasting Skills Final Attributes: You were piously aligned. You were stealthy. You were held by a giant mimic. You are dead. Vanquished creatures: a small mimic an iguana a large kobold a brown mold a gecko 4 jackals a fox a kobold a goblin 4 sewer rats a grid bug a bat 18 creatures vanquished. Voluntary challenges: You were vegetarian. You used a wielded weapon 22 times, starting on turn 2. You were illiterate. You never genocided any monsters. You never polymorphed an object. You never changed form. You used no wishes. You never split a pudding. You never wrote Elbereth's name. You never violated your personal moral code. Dungeon overview: The Dungeons of Doom: levels 1 to 5 Level 1 a long staircase Level 2 Level 3 an altar to Issek, a fountain Level 4 a sink a long staircase Level 5 <- You were here a scroll shop History has recorded: On T:1 you entered the Dungeons of Doom to retrieve the Amulet of Yendor! On T:206 you reached level 2 of The Dungeons of Doom. On T:595 you reached level 3 of The Dungeons of Doom. On T:832 you advanced to experience level 2. On T:880 you reached level 4 of The Dungeons of Doom. On T:1269 you reached level 5 of The Dungeons of Doom. On T:1299 you advanced to experience level 3. Score breakdown: Gold: 400 ( 8854 points) Experience: 3 levels ( 7878 points) Exploration: 5 levels ( 10.87%) ( 8944 points) Discoveries: 2 items ( 0.67%) ( 2457 points) Valuables value: (no points given unless you survive) Artifact value: 0 ( 0 points) Variety of kills: 12 monsters ( 3.15%) ( 5324 points) Turncount: 1321 turns ( 0 points) Survival: died (score multiplied by 80%) Total score: 26765 Latest messages: You see here a scroll of identify (30 zorkmids). The kitten picks up a dark brown spellbook. You see here a scroll labeled ANDOVA BEGARIN (399 zorkmids). You see here a scroll labeled FOOBIE BLETCH (600 zorkmids). You see here a scroll labeled VENZAR BORGAVVE (150 zorkmids). You see here a scroll labeled ZELGO MER (150 zorkmids). The kitten drops a dark brown spellbook. You see here a scroll of light (75 zorkmids). The kitten picks up a scroll labeled VENZAR BORGAVVE. You see here an unlabeled scroll (90 zorkmids). You see here a scroll labeled XIXAXA XOXAXA XUXAXA (150 zorkmids). You see here a scroll of identify (30 zorkmids). You see here a scroll labeled ZELGO MER (150 zorkmids). Wait! That's a giant mimic! The giant mimic hits! (2x) You hit the giant mimic! (3x) You hit the giant mimic. The giant mimic hits! You die... Ennistymon gratefully inherits all your possessions. The sack is empty. The sack is empty. Final status: Goodbye Amy the Rogue, killed by a giant mimic... You died in The Dungeons of Doom on dungeon level 5 with 26765 points, and 400 pieces of gold, after 1321 moves. You were level 3 with a maximum of 33 hit points when you died.